 Dungeon Crawl Stone Soup version 0.21-a0-634-gaf8bc5d (webtiles) character file.

742 Dustman the Skirmisher (level 7, -2/56 HPs)
             Began as a Hill Orc Fighter on Dec 29, 2017.
             Was a Follower of Hepliaklqana.
             Shot with a sling bullet by Joseph (13 damage)
             ... on level 7 of the Dungeon.
             The game lasted 00:14:03 (1392 turns).

Dustman the Skirmisher (Hill Orc Fighter)           Turns: 1392, Time: 00:14:04

Health: -2/56      AC:  9    Str: 22    XL:     7   Next: 76%
Magic:  7/7        EV:  8    Int:  8    God:    Hepliaklqana [*.....]
Gold:   169        SH: 10    Dex: 12    Spells: 6/6 levels left

rFire    . . .     SeeInvis .   a - +0 war axe
rCold    . . .     Gourm    .   c - +0 shield
rNeg     . . .     Faith    .   s - +0 ring mail (curse)
rPois    .         Spirit   .   e - +0 helmet
rElec    .         Reflect  .   (no cloak)
rCorr    .         Harm     .   p - +1 pair of gloves {Str+3}
MR       .....                  (no boots)
Stlth    ..........             (no amulet)
HPRegen  0.18/turn              (no ring)
MPRegen  0.10/turn              (no ring)

@: very slightly contaminated, invisible
A: reduced essence, hooves 1, blink
a: Blink, Recall Ancestor, Ancestor Identity, Renounce Religion


You were on level 7 of the Dungeon.
You worshipped Hepliaklqana.
Hepliaklqana was aware of your devotion.
You were not hungry.

You visited 1 branch of the dungeon, and saw 7 of its levels.

You collected 169 gold pieces.

Inventory:

Hand Weapons
 a - a +0 war axe (weapon)
Armour
 c - a +0 shield (worn)
 e - a +0 helmet (worn)
 p - a +1 pair of gloves of strength (worn)
 s - a cursed +0 ring mail (worn)
Wands
 q - a wand of paralysis (11)
 r - a wand of digging (20)
Scrolls
 n - a scroll of fog
 o - a scroll of amnesia
Potions
 d - 2 potions of might
 j - a potion of haste
 k - a potion of curing
Books
 t - the Guide on Fetching Venom
   (You found it on level 6 of the Dungeon)

   Spells                             Type                      Level
   a - Sting                          Conjuration/Poison           1
   b - Slow                           Hexes                        2
   c - Spectral Weapon                Hexes/Charms                 3
   d - Cause Fear                     Hexes                        4
   e - Metabolic Englaciation         Hexes/Ice                    5
   f - Alistair's Intoxication        Transmutation/Poison         5
Comestibles
 f - 8 rations


   Skills:
 + Level 6.1 Fighting
 + Level 6.0 Axes
 + Level 5.6 Armour
 + Level 5.6 Shields


You had 6 spell levels left.
You didn't know any spells.

Dungeon Overview and Level Annotations

Branches:
Dungeon (7/15)
 Temple: D:4-7

Altars:
Hepliaklqana
Sif Muna

Annotations:
D:7 Joseph


Innate Abilities, Weirdness & Mutations

Your life essence is reduced to manifest your ancestor. (-10% HP)
You have large cloven feet.
You can translocate small distances at will.


Message History

Joseph shoots a sling bullet.
The sling bullet hits the orc warrior.
The sling bullet burns the orc warrior.
Doom barely misses something.
You closely miss something.
You hear some strange, mumbled words.
Something tries to affect you, but you resist.
Joseph shoots a sling bullet.
Reactivating autopickup.
You feel a bit more experienced.
Doom completely misses the orc warrior.
The orc warrior hits doom with a mace!
Evoke which item? (* to show all) (? for menu, Esc to quit)
Aiming: Paralyse
Press: ? - help, Shift-Dir - straight line, f - Joseph
Aim: Joseph, wielding a hunting sling of flaming and wearing a leather armour (chance to defeat MR: 28%)
Okay, then.
Evoke which item? (* to show all) (? for menu, Esc to quit)
Aiming: Dig
Press: ? - help, Shift-Dir - straight line, f - you The rock shatters into small pieces.
Joseph shoots a sling bullet.
The sling bullet hits you!
You die...

###################
#....(........#...#
#.............#...#
#.............#...+
##..R@.........###'###
#..o)#.#####.........<
#....#... #..........
#...@#.....#..........
#...(####..#..........
####.((..#.###+###+###
#..(..+... #..)).# ..
#.....#


You could see the friendly doom the ancestor, Joseph and an orc warrior.

Vanquished Creatures
  An ice beast (D:5)
  2 crimson imps (D:5)
  A bullfrog skeleton (D:5)
  A bullfrog zombie (D:5)
  An orc priest (D:3)
  A worker ant (D:5)
  3 adders
  A dart slug (D:1)
  A leopard gecko (D:1)
  10 orcs
  A ball python (D:2)
  3 bats (D:1)
  4 giant cockroaches
  7 goblins
  3 hobgoblins
  6 jackals
  3 kobolds
  2 frilled lizards
  7 rats
58 creatures vanquished.

Vanquished Creatures (collateral kills)
  A sky beast (D:5)
  2 bullfrogs
  A howler monkey (D:4)
  A crimson imp (D:5)
  An iguana (D:5)
  A worker ant (D:5)
  2 adders
  A dart slug (D:4)
  2 orcs (D:3)
  A jackal (D:3)
  A goblin (D:3)
  A quokka zombie (D:5)
15 creatures vanquished.

Vanquished Creatures (others)
  An orc wizard (D:7)
1 creature vanquished.

Grand Total: 74 creatures vanquished

Notes
Turn   | Place    | Note
-------+----------+-------------------------------------------
     0 | D:1      | Dustman the Hill Orc Fighter began the quest for the Orb.
     0 | D:1      | Reached XP level 1. HP: 19/19 MP: 1/1
   120 | D:1      | Reached XP level 2. HP: 26/27 MP: 2/2
   274 | D:1      | Reached XP level 3. HP: 20/33 MP: 3/3
   525 | D:3      | Reached XP level 4. HP: 34/40 MP: 4/4
   552 | D:3      | Found a hazy altar of Hepliaklqana.
   560 | D:3      | Became a worshipper of Hepliaklqana the Forgotten
   631 | D:3      | Reached XP level 5. HP: 17/42 MP: 5/5
   828 | D:5      | Entered Level 5 of the Dungeon
   906 | D:5      | Reached skill level 5 in Fighting
   906 | D:5      | Reached XP level 6. HP: 13/50 MP: 3/6
   987 | D:5      | Reached skill level 5 in Axes
  1070 | D:6      | Reached skill level 5 in Armour
  1074 | D:6      | Identified the Guide on Fetching Venom
  1096 | D:5      | Found a deep blue altar of Sif Muna.
  1096 | D:5      | Noticed an ice beast
  1100 | D:5      | Killed an ice beast
  1100 | D:5      | Reached skill level 5 in Shields
  1100 | D:5      | Reached XP level 7. HP: 35/55 MP: 7/7
  1153 | D:5      | Reached * piety under Hepliaklqana
  1377 | D:7      | Noticed Joseph
  1387 | D:7      | Gained mutation: You can translocate small distances at will. [potion of mutation]
  1387 | D:7      | Gained mutation: You have large cloven feet. [potion of mutation]
  1392 | D:7      | Shot with a sling bullet by Joseph

Vault maps used:
D:1:      dpeg_arrival_prison
D:3:      lemuel_coloured_pillars_altar
D:4:      minmay_temple_entry_glassed_door
D:5:      basic_altar, first_ration
D:7:      uniq_joseph, uniq_pikel

Skill      XL: |  1  2  3  4  5  6  7 |
---------------+----------------------+-----
Axes           | 3 4 5 6 |  6.0
Fighting       | 4 5 6 |  6.1
Armour         | 4 5 |  5.6
Shields        | 4 5 |  5.6

Action                   |  1- 3 |  4- 6 |  7- 9 || total
-------------------------+-------+-------+-------++-------
Melee: War axe           |   125 |    98 |    35 ||   258
       Kick              |       |       |     2 ||     2
Invok: Ancestor Identity |       |     3 |       ||     3
       Recall Ancestor   |       |     1 |       ||     1
Evoke: Wand              |       |       |     1 ||     1
  Use: Scroll            |     3 |       |     4 ||     7
       Potion            |       |     1 |     5 ||     6
  Eat: Chunk             |       |     1 |     1 ||     2
Armor: Scale mail        |    98 |    28 |       ||   126
       Ring mail         |       |     3 |    16 ||    19
Dodge: Dodged            |    73 |    26 |    10 ||   109
Block: Shield            |    88 |    51 |    19 ||   158

Table legend:
 A = Spawn XP
 B = Non-spawn XP
 C = Spawn XP percentage of total XP
 D = Spawn monster count
 E = Non-spawn monster count
 F = Spawn count percentage of total count
 G = Total turns spent on level
                    A         B        C        D         E        F      G
               +---------+---------+-------+---------+---------+-------+---------
         Total |       0 |    1060 |   0.0 |       0 |      74 |   0.0 |  1392
               +---------+---------+-------+---------+---------+-------+---------
           D:1 |       0 |      41 |   0.0 |       0 |      23 |   0.0 |   354
           D:2 |       0 |      23 |   0.0 |       0 |       7 |   0.0 |   114
           D:3 |       0 |     104 |   0.0 |       0 |      19 |   0.0 |   241
           D:4 |       0 |      89 |   0.0 |       0 |       6 |   0.0 |   121
           D:5 |       0 |     612 |   0.0 |       0 |      14 |   0.0 |   417
           D:6 |       0 |      90 |   0.0 |       0 |       1 |   0.0 |    92
           D:7 |       0 |     101 |   0.0 |       0 |       4 |   0.0 |    53
               +---------+---------+-------+---------+---------+-------+---------
